 Dungeon Crawl Stone Soup version 0.26-a0-707-g31817bcca1 (console) character file.

Game seed: 8286381555823026629

17253 Ignak the Fighter (level 12, -4/117 HPs)
             Began as an Ogre Hedge Wizard on Oct 27, 2020.
             Was the Champion of Okawaru.
             Slain by a two-headed ogre
             ... wielding a +0 giant club
              (15 damage)
             ... on level 2 of the Orcish Mines.
             The game lasted 01:08:22 (23462 turns).

Ignak the Fighter (Ogre Hedge Wizard)              Turns: 23462, Time: 01:08:22

Health: -4/117     AC:  9    Str: 19    XL:     12   Next: 46%
Magic:  18/24      EV: 11    Int: 17    God:    Okawaru [******]
Gold:   1152       SH:  5    Dex:  8    Spells: 14/28 levels left

rFire    + . .     SeeInvis .   p - +4 flail (freeze)
rCold    x . .     Faith    .   (no shield)
rNeg     . . .     Spirit   .   b - +3 troll leather armour
rPois    +         Reflect  +   (helmet currently unavailable)
rElec    .         Harm     .   z - +0 cloak
rCorr    .         Rampage  .   (gloves unavailable)
MR       +....                  (boots unavailable)
Stlth    +.........             q - amulet of reflection
HPRegen  0.69/turn              l - ring of wizardry
MPRegen  0.19/turn              a - ring of fire

@: appendages, wereblooded, very slightly contaminated
A: large, unfitting armour, horns 1, talons 2, frail 1, poison resistance, tough
skin 1, wild magic 1
a: End Transformation, Heroism, Finesse, Renounce Religion


You were on level 2 of the Orcish Mines.
You worshipped Okawaru.
Okawaru was exalted by your worship.
You had grown temporary talons.
You visited 2 branches of the dungeon, and saw 15 of its levels.
You also visited: Sewer.

You collected 1532 gold pieces.
You spent 380 gold pieces at shops.

Inventory:

Hand Weapons
 p - a +4 flail of freezing (weapon)
 E - a +6 vampiric rapier
 I - a +0 giant spiked club
Missiles
 j - 132 poisoned darts (quivered)
Armour
 b - a +3 troll leather armour (worn)
 c - a +0 hat (melded)
 y - a +1 robe of magic resistance
 z - a +0 cloak (worn)
Magical Staves
 x - an uncursed staff of cold
Jewellery
 a - a ring of fire (right hand)
 l - a ring of wizardry (left hand)
 o - an uncursed ring of wizardry
 q - an amulet of reflection (around neck)
 A - an uncursed ring of positive energy
 B - an uncursed ring of magical power
 F - an uncursed ring of ice
 G - an uncursed ring of ice
Wands
 m - a wand of random effects (25)
 n - a wand of polymorph (11)
 H - a wand of flame (19)
 K - a wand of paralysis (8)
 L - a wand of acid (9)
 N - a wand of digging (4)
Scrolls
 e - 4 scrolls of teleportation
 f - 6 scrolls of remove curse
 g - 3 scrolls of fog
 s - a scroll of enchant weapon
 u - 5 scrolls of magic mapping
 C - a scroll of amnesia
 D - 5 scrolls of identify
 J - a scroll of fear
Potions
 d - a potion of haste
 h - 4 potions of might
 i - 8 potions of curing
 k - a potion of ambrosia
 r - a potion of magic
 t - a potion of brilliance
 v - 3 potions of flight
 w - 3 potions of heal wounds
Miscellaneous
 M - a box of beasts (inert)


   Skills:
 + Level 11.0 Fighting
 * Level 8.8 Maces & Flails
 + Level 3.1 Armour
 + Level 6.5 Dodging
 - Level 1.4 Stealth
 + Level 8.5 Spellcasting
 + Level 6.2 Conjurations
 - Level 1.0 Summonings
 * Level 3.4 Necromancy
 - Level 2.1 Translocations
 * Level 7.1 Transmutations


You had 14 spell levels left.
You knew the following spells:

 Your Spells              Type           Power        Failure   Level
a - Beastly Appendage     Tmut           #####.       1%          1
b - Blink                 Tloc           N/A          4%          2
c - Magic Dart            Conj           ####         1%          1
d - Mephitic Cloud        Conj/Pois/Air  ###.....     9%          3
e - Call Imp              Summ           ##......     7%          2
q - Vampiric Draining     Necr           ###.......   5%          3
z - Wereblood             Tmut           #####...     1%          2

Your spell library contained the following spells:

 Spells                   Type           Power        Failure   Level
 Animate Skeleton         Necr           ###...       1%          1
 Pain                     Necr           ###.         1%          1
 Spider Form              Tmut/Pois      ####......   5%          3
 Conjure Flame            Conj/Fire      #####...     6%          3
 Blade Hands              Tmut           #####.....   10%         5
 Slow                     Hex            #.......     11%         2
 Ice Form                 Ice/Tmut       ####....     14%         4
 Animate Dead             Necr           ###.......   16%         4
 Agony                    Necr           ###.....     36%         5


Dungeon Overview and Level Annotations

Branches:
Dungeon (13/15)            Temple (0/1) D:4            Lair (0/6) D:8
    Orc (2/2) D:12          Sewer (visited)
    Elf: Orc:2       Vaults: D:13-14

Altars:
Dithmenos
Elyvilon
Hepliaklqana
Okawaru
Ru
Vehumet
Xom

Shops:
D:7 }


Innate Abilities, Weirdness & Mutations

You are too large for most types of armour.
You have tough skin. (AC +1)
You have a pair of small horns on your head.
You have razor-sharp toenails.
You are frail. (-10% HP)
Your system is resistant to poisons. (rPois)
Your spells are a little harder to cast, but a little more powerful.


Message History

The stinking cloud engulfs the ogre but does no damage.
The stinking cloud engulfs the two-headed ogre but does no damage.
The ogre shouts!
You hear a shout! x5
The two-headed ogre hits you with a +0 giant spiked club!
* * * LOW HITPOINT WARNING * * *
The two-headed ogre barely misses you.
Unknown command.
Casting: Mephitic Cloud (mildly dangerous; 9% risk of failure)
Confirm with . or Enter, or press ? or * to list all spells.
Aiming: Mephitic Cloud (mildly dangerous; 9% risk of failure)
Press: ? - help, Shift-Dir - straight line, f/p - two-headed ogre
Aim: a two-headed ogre, wielding two +0 giant clubs (noxious fumes)
You miscast Mephitic Cloud.
You are very lightly contaminated with residual magic.
Nothing appears to happen.
The ogre is engulfed in noxious fumes.
The ogre hits you with a +0 giant spiked club!
* * * LOW HITPOINT WARNING * * *
The two-headed ogre is engulfed in noxious fumes.
The two-headed ogre hits you with a +0 giant club!
You die...

.........O
. ......OO
#. #......#
...#....O.#
. ........#
... ......#
.....#☼O..#
.....☼O@..#
..##.##O..#
##..# ...#
#.... #....
#.#.. ....


You could see 4 two-headed ogres and 3 ogres.

Vanquished Creatures
  The ghost of tensugalgo the Cardsharp, a journeyman DrCj of Nemelex Xobeh (Orc:1)
  A boulder beetle (D:11)
  5 two-headed ogres
  Nergalle (D:10)
  2 unseen horrors
  An orc knight (Orc:1)
  A manticore (D:11)
  A gargoyle (D:12)
  A kobold demonologist (D:11)
  A komodo dragon (D:11)
  3 trolls
  A shadow (D:12)
  2 wraiths (D:11)
  A wyvern (D:8)
  A yak (D:8)
  Eustachio (D:6)
  A basilisk (D:8)
  2 wargs (Orc:1)
  A water moccasin (D:7)
  2 ice beasts (D:9)
  A sky beast (D:10)
  3 black bears
  8 orc warriors
  4 phantoms
  14 ogres
  5 centaurs
  2 big kobolds (D:11)
  Blork the orc (D:6)
  3 bullfrogs
  A water moccasin zombie (D:11)
  2 wyvern skeletons
  2 scorpions
  4 troll zombies (D:12)
  11 killer bees (D:11)
  13 wights
  2 howler monkeys
  5 electric eels (D:9)
  A centaur zombie (D:9)
  2 jellies
  5 hounds
  2 centaur skeletons
  9 orc priests
  Crazy Yiuf (D:6)
  9 orc wizards
  3 bullfrog skeletons
  A gnoll shaman (D:8)
  4 iguanas
  6 worker ants
  4 ogre zombies (D:12)
  3 gnolls (D:8)
  A river rat (Sewer)
  7 adders
  A shadow imp (D:5)
  2 white imps
  2 ufetubi
  An ooze (D:6)
  An adder skeleton (D:8)
  An adder zombie (D:7)
  2 worms
  A leopard gecko (D:6)
  35 orcs
  4 ball pythons
  9 giant cockroaches
  3 hobgoblins (D:1)
  8 jackals
  3 quokkas
  A bat (D:1)
  2 frilled lizards
  2 goblins
  2 goblin zombies (D:12)
  3 hobgoblin skeletons (D:12)
  7 hobgoblin zombies (D:12)
  A jackal skeleton (D:8)
  21 kobolds
  5 orc skeletons (D:12)
  8 orc zombies (D:12)
  5 rats
299 creatures vanquished.

Vanquished Creatures (collateral kills)
  Pikel (D:3)
  An ugly thing (D:11)
  An ogre (Orc:1)
  4 lemures
  A killer bee (D:11)
  A hound (D:6)
  2 jellies
  An orc wizard (D:5)
  2 worker ants (D:4)
  A gnoll (D:8)
  5 adders
  5 river rats (Sewer)
  2 oozes
  2 worms
  A dart slug (D:1)
  7 orcs
  2 giant cockroaches
  5 goblins
  5 hobgoblins
  4 jackals (D:3)
  6 kobolds
  2 ball pythons (Sewer)
  2 bats
  3 frilled lizards
  15 rats (Sewer)
81 creatures vanquished.

Vanquished Creatures (others)
  6 plants (D:9)
6 creatures vanquished.

Grand Total: 386 creatures vanquished

Notes
Turn   | Place    | Note
-------+----------+-------------------------------------------
     0 | D:1      | Ignak the Ogre Hedge Wizard began the quest for the Orb.
     0 | D:1      | Reached XP level 1. HP: 16/16 MP: 5/5
   334 | D:1      | Reached skill level 1 in Conjurations
   472 | D:1      | Reached XP level 2. HP: 24/24 MP: 3/6
   476 | D:1      | Learned a level 2 spell: Blink
   479 | D:1      | Learned a level 2 spell: Call Imp
  1319 | D:1      | Reached skill level 1 in Maces & Flails
  1947 | D:1      | Reached XP level 3. HP: 31/31 MP: 1/8
  2610 | D:2      | Found a shimmering altar of Xom.
  2610 | D:2      | Found an iron altar of Okawaru.
  2611 | D:2      | Found a white marble altar of Elyvilon.
  2611 | D:2      | Found a shadowy altar of Dithmenos.
  2612 | D:2      | Found a radiant altar of Vehumet.
  2775 | D:2      | Became a worshipper of Warmaster Okawaru
  2970 | D:2      | Learned a level 3 spell: Mephitic Cloud
  3333 | D:2      | Found a sacrificial altar of Ru.
  3642 | D:3      | Reached skill level 1 in Summonings
  3982 | D:3      | Reached skill level 1 in Translocations
  4207 | D:3      | Reached XP level 4. HP: 37/39 MP: 6/10
  5085 | D:4      | Noticed a lemure
  5086 | D:4      | Noticed a lemure
  5105 | D:3      | Killed a lemure
  5194 | D:4      | Killed a lemure
  5199 | D:4      | Noticed a lemure
  5515 | D:4      | Killed a lemure
  5591 | D:4      | Noticed Pikel
  5595 | D:4      | Noticed a lemure
  5611 | D:4      | Killed a lemure
  6466 | D:3      | Killed Pikel
  6466 | D:3      | Reached * piety under Okawaru
  6466 | D:3      | Reached ** piety under Okawaru
  6466 | D:3      | Reached skill level 3 in Fighting
  6466 | D:3      | Reached XP level 5. HP: 54/54 MP: 7/12
  6466 | D:3      | Reached XP level 6. HP: 62/62 MP: 7/13
  6667 | D:4      | Found a staircase to the Ecumenical Temple.
  6757 | D:4      | Reached XP level 7. HP: 58/68 MP: 2/14
  7183 | D:4      | Reached skill level 4 in Fighting
  7183 | D:4      | Reached skill level 5 in Spellcasting
  7490 | D:4      | Reached *** piety under Okawaru
  8000 | D:5      | Entered Level 5 of the Dungeon
  8002 | D:5      | Found a glowing drain.
  8019 | Sewer    | Entered a sewer
  9468 | D:5      | Reached skill level 5 in Fighting
  9711 | D:5      | Reached XP level 8. HP: 49/80 MP: 7/16
 10678 | D:6      | Got a twisted scale mail
 10871 | D:6      | Found a runed translucent door.
 10872 | D:6      | Noticed Crazy Yiuf
 11272 | D:6      | Learned a level 1 spell: Beastly Appendage
 11275 | D:6      | Learned a level 2 spell: Wereblood
 11275 | D:6      | Noticed Blork the orc
 11289 | D:6      | Reached skill level 6 in Fighting
 11295 | D:6      | Killed Blork the orc
 11590 | D:6      | Noticed Eustachio
 11705 | D:6      | Killed Eustachio
 11705 | D:6      | Reached **** piety under Okawaru
 12294 | D:6      | Killed Crazy Yiuf
 12294 | D:6      | Reached skill level 5 in Maces & Flails
 12506 | D:7      | Reached skill level 1 in Transmutations
 12506 | D:7      | Reached XP level 9. HP: 90/92 MP: 15/18
 12525 | D:7      | Reached skill level 7 in Fighting
 12681 | D:7      | Gained mutation: Your spells are a little harder to cast,
                  | but a little more powerful. [potion of mutation]
 12681 | D:7      | Gained mutation: Your system is resistant to poisons.
                  | (rPois) [potion of mutation]
 12681 | D:7      | Gained mutation: You are frail. (-10% HP) [potion of
                  | mutation]
 12681 | D:7      | Gained mutation: You have a pair of small horns on your
                  | head. [potion of mutation]
 12716 | D:7      | Found Yblai's Gadget Boutique.
 13060 | D:8      | Found a staircase to the Lair.
 13480 | D:8      | Noticed a troll
 13493 | D:8      | Killed a troll
 13493 | D:8      | Reached ***** piety under Okawaru
 13493 | D:8      | Reached skill level 8 in Fighting
 13841 | D:8      | Found a hazy altar of Hepliaklqana.
 14491 | D:9      | HP: 4/87 [electric eel/bolt of electricity (6)]
 14650 | D:9      | Reached XP level 10. HP: 62/95 MP: 3/20
 15690 | D:9      | Reached skill level 5 in Dodging
 15946 | D:9      | Reached skill level 9 in Fighting
 16170 | D:10     | Entered Level 10 of the Dungeon
 16176 | D:10     | Noticed a two-headed ogre
 16412 | D:9      | Killed a two-headed ogre
 16826 | D:10     | Killed an unseen horror
 17215 | D:10     | Noticed Nergalle
 17236 | D:10     | Killed Nergalle
 17236 | D:10     | Received a gift from Okawaru
 17236 | D:10     | Reached skill level 5 in Conjurations
 17377 | D:10     | Reached skill level 5 in Transmutations
 17534 | D:10     | Reached skill level 1 in Armour
 17536 | D:10     | Reached skill level 10 in Fighting
 17556 | D:10     | Reached XP level 11. HP: 67/105 MP: 15/22
 17930 | D:11     | Noticed a two-headed ogre
 17954 | D:11     | Killed a two-headed ogre
 18077 | D:11     | Noticed a cyan ugly thing
 18122 | D:11     | Killed a cyan ugly thing
 18139 | D:11     | Received a gift from Okawaru
 18385 | D:11     | Killed an unseen horror
 18678 | D:11     | Noticed a manticore
 18685 | D:11     | Killed a manticore
 18813 | D:11     | Noticed a boulder beetle
 19043 | D:11     | Learned a level 3 spell: Vampiric Draining
 19983 | D:11     | Killed a boulder beetle
 19983 | D:11     | Reached skill level 1 in Necromancy
 20486 | D:12     | Found a staircase to the Orcish Mines.
 21138 | Orc:1    | Entered Level 1 of the Orcish Mines
 21278 | Orc:1    | Noticed an orc knight
 21522 | Orc:1    | Killed an orc knight
 21522 | Orc:1    | Reached XP level 12. HP: 115/115 MP: 20/24
 21782 | Orc:1    | Found a runed translucent gate.
 21782 | Orc:1    | Found a runed translucent gate.
 21782 | Orc:1    | Found a runed translucent gate.
 21784 | Orc:1    | Noticed tensugalgo's ghost (journeyman DrCj)
 21924 | Orc:1    | Killed tensugalgo's ghost
 22278 | D:7      | Bought a box of beasts (3/3) for 200 gold pieces
 22567 | D:7      | Bought a wand of digging (5) for 180 gold pieces
 22830 | Orc:2    | Entered Level 2 of the Orcish Mines
 22990 | Orc:2    | Noticed a two-headed ogre
 23079 | Orc:2    | Noticed a two-headed ogre
 23079 | Orc:2    | Noticed an ogre mage
 23080 | Orc:2    | Noticed a two-headed ogre
 23132 | Orc:2    | Noticed a two-headed ogre
 23137 | Orc:1    | Killed a two-headed ogre
 23149 | Orc:1    | Killed a two-headed ogre
 23149 | Orc:1    | Reached ****** piety under Okawaru
 23213 | Orc:2    | Noticed an ogre mage
 23230 | Orc:1    | Killed a two-headed ogre
 23230 | Orc:1    | Reached skill level 11 in Fighting
 23340 | Orc:2    | Noticed a two-headed ogre
 23340 | Orc:2    | Noticed a two-headed ogre
 23348 | Orc:1    | Received a gift from Okawaru
 23453 | Orc:2    | Noticed a two-headed ogre
 23462 | Orc:2    | Slain by a two-headed ogre

Illustrated notes

Levels and vault maps discovered:
D:1:      dpeg_arrival_round_c, layout_basic
D:2:      layout_loops_ring, grunt_temple_overflow_open, old_standard_altar
D:3:      layout_basic
D:4:      layout_loops_ring, minmay_temple_entry_sparse_star,
          serial_bayou_pond_e, minmay_misc_feat_tower, uniq_pikel
D:5:      layout_layer_cave, cheibrodos_sewer_entry_drain, supply_closet_lemuel
D:6:      layout_gridville, uniq_blork_the_orc, uniq_eustachio,
          uniq_crazy_yiuf_cottage
D:7:      layout_rooms, serial_shops, kennysheep_mini, grunt_ministairs_14
D:8:      layout_gridville, lemuel_round_altar, david_lair_generic
D:9:      layout_stronghold, corexii_hall_statues_l, serial_bayou_lake_a
D:10:     layout_irregular_city, uniq_nergalle
D:11:     layout_loops_cross
D:12:     layout_basic, zombieorc2_lemuel
D:13:     layout_loops_corners, serial_shops, nicolae_shop_waterfront,
          serial_glass, glass_columns_c, glass_columns_b, glass_columns_a,
          glass_columns_c, glass_columns_a, glass_columns_b, item_on_display_a,
          basic_altar, bh_walls_and_bars, uniq_erolcha
Orc:1:    layout_caves, ebering_ghost_rock_garden
Orc:2:    st_orc_ogre_mass, layout_caves

Skill      XL: |  1  2  3  4  5  6  7  8  9 10 11 12 |
---------------+-------------------------------------+-----
Conjurations   | 1 2 3 4 5 6 |  6.2
Dodging        | 2 3 4 5 6 |  6.5
Maces & Flails | 1 3 4 5 6 7 8 |  8.8
Spellcasting   | 4 5 6 7 8 |  8.5
Summonings     | 1 |  1.0
Translocations | 1 2 |  2.1
Fighting       | 3 5 6 8 10 11 | 11.0
Transmutations | 1 3 5 6 7 |  7.1
Armour         | 1 2 3 |  3.1
Necromancy     | 2 3 |  3.4
Stealth        | |  1.4

Action                   |  1- 3 |  4- 6 |  7- 9 | 10-12 || total
-------------------------+-------+-------+-------+-------++-------
Melee: Club              |    50 |    40 |    32 |       ||   122
       Dagger            |     6 |       |       |       ||     6
       Spear             |    28 |       |       |       ||    28
       Hand axe          |       |       |    89 |       ||    89
       Flail             |       |       |    78 |   423 ||   501
       Rapier            |       |       |   156 |   194 ||   350
       Kick              |       |       |    21 |   130 ||   151
       Headbutt          |       |       |    15 |   100 ||   115
       Punch             |       |       |     1 |       ||     1
Throw: Dart              |       |    13 |     2 |    28 ||    43
 Cast: Magic Dart        |    26 |     2 |     9 |    23 ||    60
       Call Imp          |    44 |    29 |    83 |    17 ||   173
       Blink             |       |     5 |     4 |    15 ||    24
       Mephitic Cloud    |       |     4 |    14 |    63 ||    81
       Beastly Appendage |       |       |    19 |    46 ||    65
       Wereblood         |       |       |    11 |    28 ||    39
       Vampiric Draining |       |       |       |    10 ||    10
Invok: Heroism           |       |       |     1 |     3 ||     4
Evoke: Wand              |       |       |       |    17 ||    17
       Box of beasts     |       |       |       |     3 ||     3
  Use: Scroll            |     7 |     3 |    11 |     6 ||    27
       Potion            |     1 |     6 |     8 |     2 ||    17
 Stab: Sleeping          |     2 |       |     2 |       ||     4
       Confused          |       |       |     6 |    15 ||    21
Armor: Robe              |    37 |    16 |    93 |       ||   146
       Troll leather arm |       |       |    20 |   190 ||   210
Dodge: Dodged            |    75 |    45 |   241 |   268 ||   629
Block: Other             |       |     2 |   112 |   153 ||   267
       Reflection        |       |       |     8 |     2 ||    10

Table legend: (Time is in decaauts)
 A = Elapsed time spent in this place.
 B = Non-inter-level travel time spent in this place.
 C = Inter-level travel time spent in this place.
 D = Time resting spent in this place.
 E = Time spent auto-exploring this place.
 F = Levels seen in this place.
 G = Mean time per level.
                   A        B        C        D        E       F      G
               +--------+--------+--------+--------+--------+-----+--------+
         Total |  23673 |  22744 |    929 |   7091 |   9013 |  16 | 1479.6 |
       Dungeon |  21193 |  20331 |    862 |   6214 |   8493 |  13 | 1630.2 |
  Orcish Mines |   1574 |   1507 |     67 |    645 |    228 |   2 |  787.0 |
         Sewer |    905 |    905 |      0 |    232 |    291 |   1 |  905.0 |
               +--------+--------+--------+--------+--------+-----+--------+

Top non-repeatable levels by time:
     D:3: 2950 daAuts
    D:11: 2694 daAuts
     D:9: 2379 daAuts
     D:1: 2209 daAuts
     D:5: 1719 daAuts
     D:6: 1642 daAuts
     D:4: 1594 daAuts
   Orc:1: 1555 daAuts
     D:8: 1476 daAuts
     D:2: 1438 daAuts
    D:10: 1300 daAuts
    D:12: 1119 daAuts
   Sewer: 905 daAuts
     D:7: 667 daAuts
   Orc:2: 19 daAuts
